 Dungeon Crawl Stone Soup version 0.27-a0-1590-g15f69828bf (webtiles) character file.

Game seed: 7155010838399054131

184 Sin92 the Skirmisher (level 5, -2/42 HPs)
             Began as a Demonspawn Fighter on July 18, 2021.
             Slain by Sigmund (6 damage)
             ... on level 3 of the Dungeon.
             The game lasted 00:01:25 (2297 turns).

Sin92 the Skirmisher (Demonspawn Fighter)           Turns: 2297, Time: 00:01:26

Health: -2/42      AC:  7    Str: 18    XL:     5   Next: 36%
Magic:  5/5        EV:  7    Int:  9    God:
Gold:   95         SH:  0    Dex: 12    Spells: 4/4 levels left

rFire    . . .     SeeInvis .   a - +0 war axe
rCold    . . .     Faith    .   c - +0 kite shield
rNeg     . . .     Spirit   .   b - +0 scale mail
rPois    .         Reflect  .   (no helmet)
rElec    .         Harm     .   (no cloak)
rCorr    .         Rampage  .   (no gloves)
Will     .....                  (no boots)
Stlth    ..........             (no amulet)
HPRegen  0.14/turn              (no ring)
MPRegen  0.09/turn              (no ring)

@: confused
A: sharp scales 1
a: no special abilities


You were on level 3 of the Dungeon.
You visited 1 branch of the dungeon, and saw 3 of its levels.

You collected 95 gold pieces.

Inventory:

Hand Weapons
 a - a +0 war axe (weapon)
Missiles
 f - 6 curare-tipped darts (quivered)
Armour
 b - a +0 scale mail (worn)
 c - a +0 kite shield (worn)
Scrolls
 e - a scroll of identify {unknown}
 g - a scroll of immolation {unknown}
 h - a scroll of teleportation {unknown}
 i - a scroll of acquirement {unknown}
Potions
 d - 2 potions of might
 j - a potion of curing {unknown}


   Skills:
 + Level 3.7 Fighting
 * Level 3.2 Axes
 + Level 3.2 Armour
 + Level 1.5 Dodging
 + Level 3.3 Shields


You had 4 spell levels left.
You didn't know any spells.
Your spell library contained the following spells:

 Spells                   Type           Power      Damage    Failure   Level
 Ozocubu's Armour         Ice            0%         N/A       100%        3
 Ozocubu's Refrigeration  Ice            0%         4d5       100%        7


Dungeon Overview and Level Annotations

Branches:
Dungeon (3/15)

Altars:
Nemelex Xobeh

Annotations:
D:3 Sigmund


Innate Abilities, Weirdness & Mutations

You are partially covered in razor-sharp scales. (AC +1, Slay +1)


Message History

A ball python is nearby!
You closely miss the ball python. You block the ball python's attack.
The ball python grabs you. The ball python constricts you.
The ball python bites you but does no damage.
The ball python constricts you.
A ball python is nearby!
You hit the ball python.
You kill the ball python!
You see here a ball python corpse.
An endoplasm and Sigmund come into view.
Sigmund casts a spell at you. You resist with some effort.
The endoplasm hits you but does no damage.
Your scale mail prevents you from hitting the endoplasm.
The endoplasm hits you but does no damage.
Sigmund casts a spell.
Sigmund flickers and vanishes!
Deactivating autopickup; reactivate with Ctrl-A.
You slash the endoplasm!
You kill the endoplasm!
You block something's attack. Something hits you.
You hear some strange, mumbled words.
Something tries to affect you, but you resist.
You hit something. Something hits you!
You miss something. You block something's attack. Something hits you.
You closely miss something. Something hits you! You block something's attack.
You miss something. Something hits you.
You closely miss something. Something hits you but does no damage.
You hear some strange, mumbled words.
A puff of flame appears from out of thin air!
The puff of flame hits you.
You closely miss something. You block something's attack.
You barely miss something. Something hits you.
* * * LOW HITPOINT WARNING * * *
You hear some strange, mumbled words.
You are confused.
You closely miss something. Something hits you!
* * * LOW HITPOINT WARNING * * *
You miss something. Something hits you.
You die...

###..... .. +.......
###########. ..####..##
.#.......... ........##
........... ..........
.#.#...... ......#.##
......... ......#..#
#.....{# #######..#
#.....@+ .........
##.....###############.
###.............# #<
#.#######..#.## ## #..#
#.#.....#..#.# # #..#
....#.#...#..#.# # #..#
....#.#...#..#.# #..#
.............#.#######
#..#
########.####.#.#......


There were no monsters in sight!

Vanquished Creatures
  An ogre (D:2)
  A gnoll (D:1)
  An adder (D:2)
  3 worms
  3 dart slugs
  5 orcs (D:3)
  4 ball pythons
  4 bats
  6 endoplasms
  7 giant cockroaches
  4 goblins
  5 hobgoblins
  4 jackals (D:1)
  3 quokkas
  A frilled lizard (D:3)
  2 kobolds (D:1)
  6 rats
60 creatures vanquished.

Vanquished Creatures (others)
  A plant (D:3)
1 creature vanquished.

Grand Total: 61 creatures vanquished

Notes
Turn   | Place    | Note
-------+----------+-------------------------------------------
     0 | D:1      | Sin92 the Demonspawn Fighter began the quest for the Orb.
     0 | D:1      | Reached XP level 1. HP: 18/18 MP: 1/1
   294 | D:1      | Gained mutation: You are partially covered in razor-sharp
                  | scales. (AC +1, Slay +1) [demonic ancestry]
   294 | D:1      | Reached XP level 2. HP: 24/24 MP: 2/2
   595 | D:1      | Reached XP level 3. HP: 23/29 MP: 3/3
  1333 | D:2      | Reached skill level 1 in Dodging
  1393 | D:2      | Reached XP level 4. HP: 33/35 MP: 4/4
  1427 | D:2      | Noticed an ogre
  1435 | D:2      | Killed an ogre
  1436 | D:2      | Reached XP level 5. HP: 16/41 MP: 5/5
  1603 | D:2      | Found a faded altar of an unknown god.
  1953 | D:3      | Found a sparkling altar of Nemelex Xobeh.
  2284 | D:3      | Noticed Sigmund
  2297 | D:3      | Slain by Sigmund

Illustrated notes

Levels and vault maps discovered:
D:1:      dpeg_arrival_more_subterranean_lakeside_camping, layout_loops_cross
D:2:      wad_pebble_path, layout_rooms,
          hellmonk_ecumenical_altar_pennies_from_heaven, serial_glass,
          glass_columns_a, glass_columns_a, kennysheep_pointless_box,
          kennysheep_generic_room_15
D:3:      layout_basic, mainiacjoe_overflow_tiny_flanked, uniq_sigmund

Skill      XL: |  1  2  3  4 |
---------------+-------------+-----
Axes           | 2 3 |  3.2
Shields        | 3 |  3.3
Dodging        | 1 |  1.5
Armour         | 3 |  3.2
Fighting       | |  3.7

Action                   |  1- 3 |  4- 6 || total
-------------------------+-------+-------++-------
Melee: War axe           |    91 |    64 ||   155
  Use: Potion            |       |     1 ||     1
Armor: Scale mail        |    44 |    18 ||    62
Dodge: Dodged            |    31 |    26 ||    57
Block: Kite shield       |    47 |    28 ||    75

Table legend: (Time is in decaauts)
 A = Elapsed time spent in this place.
 B = Non-inter-level travel time spent in this place.
 C = Inter-level travel time spent in this place.
 D = Time resting spent in this place.
 E = Time spent auto-exploring this place.
 F = Levels seen in this place.
 G = Mean time per level.
                   A        B        C        D        E       F      G
               +--------+--------+--------+--------+--------+-----+--------+
         Total |   2392 |   2380 |     12 |      0 |   1994 |   3 |  797.3 |
       Dungeon |   2392 |   2380 |     12 |      0 |   1994 |   3 |  797.3 |
               +--------+--------+--------+--------+--------+-----+--------+

Top non-repeatable levels by time:
     D:1: 1229 daAuts
     D:2: 696 daAuts
     D:3: 466 daAuts
